AoeStats
← 知耻而后勇喜笑颜开

Arabia

508594604Analyzed
1v1 RM · 9d ago on Sep 23, 2026· 45m 30s· 2 players
Game mode
Random Map
Map size
Tiny (2 player)
Population
200
Speed
Normal
Resources
Standard
Victory
Conquest
Starting age
Dark Age
Ending age
Imperial Age
RankedLock teamsTeams togetherTeam positionsShared explorationLock speedFull tech treeHidden civsTurbo modeCheats
Victory
Defeat
1368
+16
🇲🇽 Bulgarians · Mexico
1359
-16
RZealotSV
5:06 Loom
9:29 Feudal Age
10:02 Double-Bit Axe
10:02 Horse Collar
14:49 Forging
17:13 Wheelbarrow
17:16 Scale Barding Armor
20:49 Town Watch
23:46 Castle Age
22:02 Gold Mining
23:11 Bloodlines
24:11 Fletching
24:21 Padded Archer Armor
24:21 Light Cavalry
25:15 Bow Saw
25:09 Heavy Plow
25:25 Bodkin Arrow
26:10 Husbandry
28:42 Leather Archer Armor
29:35 Iron Casting
30:09 Chain Barding Armor
30:33 Hand Cart
31:38 Gold Shaft Mining
31:02 Stone Mining
37:25 Imperial Age
36:34 Scale Mail Armor
36:38 Squires
36:23 Arson
36:57 Stirrups
37:23 Chain Mail Armor
38:58 Plate Barding Armor
38:43 Cavalier
42:54 Blast Furnace
41:55 Bracer
42:39 Stone Shaft Mining
43:49 Conscription
43:33 Stirrups
44:12 Elite Konnik
45:34 Plate Mail Armor
知耻而后勇喜笑颜开
8:18 Loom
10:14 Feudal Age
11:16 Double-Bit Axe
11:18 Town Watch
12:08 Wheelbarrow
12:34 Horse Collar
18:28 Forging
18:19 Scale Mail Armor
22:29 Castle Age
20:54 Fishing Lines
21:39 Gold Mining
23:24 Bow Saw
23:15 Heavy Plow
23:31 Hand Cart
23:20 Squires
23:26 Light Cavalry
24:21 Fletching
24:59 Stone Mining
25:16 Husbandry
26:02 Fervor
27:09 Scale Barding Armor
27:09 Padded Archer Armor
27:52 Bodkin Arrow
28:59 Stone Shaft Mining
29:25 Guard Tower
32:56 Ballistics
34:01 Iron Casting
33:31 Scale Barding Armor
36:04 Imperial Age
34:55 Treadmill Crane
36:01 Masonry
37:06 Bracer
38:01 Conscription
38:59 Iron Casting
38:29 Scale Barding Armor
39:49 Chemistry
39:34 Architecture
41:20 Blast Furnace
40:35 Chain Mail Armor
41:36 Chain Barding Armor
41:32 Chain Mail Armor
41:27 Devotion
40:53 Capped Ram
41:29 Vendel Legacy
43:50 Plate Barding Armor
44:19 Two-Man Saw
43:49 Crop Rotation
43:30 Siege Engineers
43:52 Bloodlines
44:18 Cavalier
Connection lost

Rejoining the realm…

Still unreachable

The connection could not be restored.

Session expired

The server has moved on; the page needs a fresh start.